 Dungeon Crawl Stone Soup version 0.28-b1-25-g9875b3fc8c (webtiles) character file.

Game seed: 11207180184571121210

1 theElss the Skirmisher (level 1, 0/21 HPs)
             Began as a Gargoyle Berserker on Feb 3, 2022.
             Was a Follower of Trog.
             Slain by a quokka (4 damage)
             ... on level 1 of the Dungeon.
             The game lasted 00:00:32 (88 turns).

theElss the Skirmisher (Gargoyle Berserker)           Turns: 88, Time: 00:00:32

Health: 0/21       AC:  4    Str: 20    XL:     1   Next: 20%
Magic:  1/1        EV: 11    Int:  7    God:    Trog [*.....]
Gold:   0          SH:  0    Dex:  9    Spells: 0/0 levels left

rFire   . . .      SeeInvis .   a - +0 mace
rCold   + . .      Faith    .   (no shield)
rNeg    + . .      Spirit   .   e - +0 robe
rPois   ∞          Reflect  .   (no helmet)
rElec   +          Harm     .   (no cloak)
rCorr   .          Rampage  .   (no gloves)
Will    .....                   (no boots)
Stlth   ..........              (no amulet)
HPRegen 0.07/turn               c - ring of protection from cold
MPRegen 0.07/turn               (no ring)

@: berserking, very quick
A: sickness immunity, AC +2, negative energy resistance 1, electricity
resistance, torment resistance 1, petrification resistance
a: Renounce Religion, Berserk


You were on level 1 of the Dungeon.
You worshipped Trog.
Trog was aware of your devotion.
You visited 1 branch of the dungeon, and saw 1 of its levels.

Inventory:

Hand Weapons
 a - a +0 mace (weapon)
Armour
 e - a +0 robe (worn)
Jewellery
 c - a ring of protection from cold (left hand)
Scrolls
 d - a scroll of identify {unknown}


   Skills:
 + Level 3.3 Fighting
 + Level 3.0 Maces & Flails
 + Level 2.2 Armour
 + Level 1.5 Dodging


You couldn't memorise any spells.
You didn't know any spells.
Your spell library was empty.

Dungeon Overview and Level Annotations

Branches:
Dungeon (1/15)

Altars:


Innate Abilities, Weirdness & Mutations

You are immune to sickness and miasma.
Your stone body is resilient. (AC +2)
You are immune to poison.
You resist negative energy. (rN+)
You are resistant to electric shocks. (rElec)
You are resistant to unholy torment.
You are immune to petrification.


Message History

You thump the quokka!
You kill the quokka!
Trog accepts your kill.
Found a There-And-Back Book.
You see here a +0 robe.
e - a +0 robe You start removing your armour.
You continue taking off your +0 animal skin. x4
You finish taking off your +0 animal skin.
You start putting on your armour.
You continue putting on your +0 robe. x5
You finish putting on your +0 robe.
You drop a +0 animal skin.
A kobold comes into view. It is wielding a +0 club.
The kobold shouts!
A quokka comes into view.
A bat comes into view.
The bat moves out of view.
You barely miss the kobold. The kobold hits you with a +0 club.
The kobold barely misses you.
You closely miss the kobold. The kobold hits you with a +0 club.
You closely miss the kobold. The kobold hits you but does no damage.
The quokka barely misses you. The quokka misses you.
The quokka barely misses you.
You open the door. The kobold hits you with a +0 club.
The quokka bites you but does no damage.
The quokka barely misses you.
There is an open door here.
You hit the quokka but do no damage. Your punch misses the quokka.
The quokka bites you but does no damage. x2
You barely miss the quokka. The quokka closely misses you.
You barely miss the quokka. The quokka misses you. The quokka bites you.
You barely miss the quokka. The quokka bites you.
* * * LOW HITPOINT WARNING * * *
You miss the quokka. The quokka closely misses you.
The quokka bites you but does no damage.
A red film seems to cover your vision as you go berserk!
You feel yourself moving faster!
You feel mighty! The quokka misses you.
You closely miss the quokka. The quokka bites you.
You die...

#......# #.[....# #......#
#+#########..###
..........#..#
##########.#(#..#########
#.......#.##.#.>.........
#.###'###.#.#.###b..######
#.....#.#.#.#@rK.......#
#.....#.#.#.###........#
+..<..+.#.#.'.'...######
#.....#.#.#.###...#
#.....#.#.#.# #...#
###+###.#.#.# #...# .#.
#.# #.### #.# #.# ..# ...


You could see a quokka, a bat and a kobold.

Vanquished Creatures
  A quokka (D:1)
1 creature vanquished.

Notes
Turn   | Place    | Note
-------+----------+-------------------------------------------
     0 | D:1      | theElss the Gargoyle Berserker began the quest for the Orb.
     0 | D:1      | Reached XP level 1. HP: 14/14 MP: 1/1
    88 | D:1      | Slain by a quokka

Illustrated notes

Levels and vault maps discovered:
D:1:      matt_arrival_los_fun, layout_basic, basic_ecumenical_altar

Action                   || total
-------------------------++-------
Melee: Mace              ||    14
Invok: Berserk           ||     1
Armor: Robe              ||     5
       Animal skin       ||     1
Dodge: Dodged            ||    14
